 Dungeon Crawl Stone Soup version 0.30-a0-137-gd8773701ce (webtiles) character file.

Game seed: 269887837807445693

208 KennySheep the Ducker (level 5, -7/32 HPs)
             Began as a Tengu Gladiator on Sept 24, 2022.
             Was a Believer of Sif Muna.
             Mangled by a cyclops (glowing shapeshifter) (22 damage)
             ... on level 3 of the Dungeon.
             The game lasted 00:10:23 (3045 turns).

KennySheep the Ducker (Tengu Gladiator)             Turns: 3045, Time: 00:10:24

Health: -7/32      AC:  9    Str: 16    XL:     5   Next: 86%
Magic:  7/7        EV: 16    Int:  8    God:    Sif Muna [**....]
Gold:   168        SH:  0    Dex: 16    Spells: 6/6 levels left

rFire   . . .      SeeInvis .    r - +3 quarterstaff (chaos)
rCold   . . .      Faith    .    (shield currently unavailable)
rNeg    . . .      Spirit   .    b - +0 leather armour
rPois   .          Reflect  .    c - +0 hat
rElec   .          Harm     .    s - +0 cloak
rCorr   .          Rampage  .    p - +0 pair of gloves
Will    .....                    (boots unavailable)
Stlth   +.........               (no amulet)
HPRegen 0.10/turn                (no ring)
MPRegen 0.10/turn                (no ring)

@: flying quickly and evasively, quick
A: beak, talons 3, nimble flight, iridescent scales 2, subdued magic 1
a: Renounce Religion, Channel Magic


You were on level 3 of the Dungeon.
You worshipped Sif Muna.
Sif Muna was pleased with you.
You visited 1 branch of the dungeon, and saw 4 of its levels.

You collected 168 gold pieces.

Inventory:

Hand Weapons
 a - a +0 quarterstaff
 f - a +3 war axe
 r - a +3 quarterstaff of chaos (weapon)
Missiles
 d - 3 throwing nets (quivered)
 e - a javelin
Armour
 b - a +0 leather armour (worn)
 c - a +0 hat (worn)
 p - a +0 pair of gloves (worn)
 s - a +0 cloak (worn)
Jewellery
 q - a ring of see invisible
Scrolls
 h - a scroll of poison
 l - a scroll of identify
 m - a scroll of amnesia
 n - 2 scrolls of enchant weapon
 o - a scroll of enchant armour {unknown}
 t - a scroll of immolation {unknown}
Potions
 g - 2 potions of heal wounds
 i - a potion of might {unknown}
 j - a potion of brilliance {unknown}
 k - a potion of curing
 u - a potion of degeneration {unknown}


   Skills:
 + Level 3.0 Fighting
 - Level 2.0(2.4) Axes
 - Level 2.0(3.4) Maces & Flails
 * Level 3.6(4.0) Staves
 - Level 2.0 Throwing
 + Level 4.3 Dodging
 + Level 1.3 Spellcasting
 + Level 1.2 Invocations


You had 6 spell levels left.
You didn't know any spells.
Your spell library contained the following spells:

 Spells                   Type           Power      Damage    Failure   Level
 Apportation              Tloc           0%         N/A       38%         1
 Slow                     Hex            0%         N/A       38%         1
 Blink                    Tloc           0%         N/A       54%         2
 Confusing Touch          Hex            0%         N/A       78%         3
 Vampiric Draining        Necr           0%         2d6       78%         3
 Manifold Assault         Tloc           0%         N/A       99%         4
 Alistair's Intoxication  Tmut/Pois      0%         N/A       100%        5
 Storm Form               Tmut/Air       0%         N/A       100%        7


Dungeon Overview and Level Annotations

Branches:
Dungeon (4/15)
 Temple: D:4-7

Altars:
Sif Muna

Annotations:
D:4 3 runed translucent doors, LnG's ghost, amateur KoSu; Newt's ghost, novice DsGl


Innate Abilities, Weirdness & Mutations

You have a beak for a mouth.
You have claws for feet.
Your magical nature lets you fly swiftly and evasively.
You are mostly covered in iridescent scales. (AC +4)
Your spells are a little easier to cast, but a little less powerful.


Message History

You sock the snapping turtle!
You feel better.
Your kick misses the snapping turtle.
The snapping turtle is lightly wounded.
The snapping turtle barely misses you. The snapping turtle bites you.
You hit the snapping turtle but do no damage.
The snapping turtle resists with almost no effort.
Your peck misses the snapping turtle.
The snapping turtle is lightly wounded.
The gnoll closely misses you.
The snapping turtle bites you but does no damage.
You hit the snapping turtle but do no damage.
You peck the snapping turtle, but do no damage.
The snapping turtle is lightly wounded.
The gnoll closely misses you.
The snapping turtle bites you but does no damage.
You hit the snapping turtle but do no damage.
The snapping turtle resists with almost no effort.
The snapping turtle is lightly wounded.
The gnoll closely misses you.
The snapping turtle bites you but does no damage.
You completely miss the snapping turtle.
You claw the snapping turtle, but do no damage.
The snapping turtle is lightly wounded.
The gnoll closely misses you. The snapping turtle bites you!
You hit the snapping turtle but do no damage.
The snapping turtle appears confused.
You claw the snapping turtle, but do no damage.
The snapping turtle is lightly wounded.
The gnoll misses you. The snapping turtle closely misses you.
You hit the snapping turtle but do no damage.
You drain the snapping turtle.
You claw the snapping turtle, but do no damage.
The snapping turtle is lightly wounded.
The snapping turtle changes into a cyclops!
The gnoll closely misses you. x2
You hit the cyclops but do no damage. Your kick misses the cyclops.
The cyclops is lightly wounded.
The gnoll hits you but does no damage. The cyclops hits you!!
Ouch! That really hurt!
You die...

.....#.##.#.## .#.#
##.....##....##.#.#
...#.####....#. #.#
.#.#.........#.##.#
.......<........#.#
.#.########...#.#.###
...# #..........#####
...# #..............#
...#######...>.)@...>$..#
...............C........#
.........####.g#####....#
......#### #...# ######
...##.# #..#.# ...##.##
##.##g# ...##..###..##y#
...##......###.#
........s...##.##


You could see a cyclops shaped shifter and a gnoll.

Vanquished Creatures
  Crazy Yiuf (D:2)
  An iguana (D:4)
  Natasha (D:2)
  Robin (D:4)
  A gnoll (D:3)
  2 adders (D:2)
  A worm (D:2)
  5 dart slugs
  5 orcs (D:4)
  5 endoplasms
  4 giant cockroaches
  7 goblins
  9 hobgoblins
  2 jackals (D:1)
  8 kobolds
  2 quokkas
  5 ball pythons
  5 bats
  2 frilled lizards
  5 rats
72 creatures vanquished.

Notes
Turn   | Place    | Note
-------+----------+-------------------------------------------
     0 | D:1      | KennySheep the Tengu Gladiator began the quest for the Orb.
     0 | D:1      | Reached XP level 1. HP: 12/12 MP: 2/2
   191 | D:1      | Reached skill level 1 in Maces & Flails
   224 | D:1      | Reached XP level 2. HP: 17/17 MP: 3/3
   475 | D:1      | Reached XP level 3. HP: 22/22 MP: 4/4
   748 | D:1      | Found a faded altar of an unknown god.
   756 | D:1      | Prayed at the altar of an unknown god.
   756 | D:1      | Became a worshipper of Sif Muna the Loreminder
   756 | D:1      | Reached * piety under Sif Muna
   758 | D:1      | You fall into a shaft and drop 1 floor!
  1267 | D:2      | Reached skill level 1 in Axes
  1267 | D:2      | Reached XP level 4. HP: 26/27 MP: 5/5
  1320 | D:2      | Noticed Natasha
  1328 | D:2      | Killed Natasha
  1446 | D:2      | Reached skill level 4 in Dodging
  1986 | D:2      | Found a runed translucent door.
  1987 | D:2      | Noticed Crazy Yiuf
  2055 | D:2      | Killed Crazy Yiuf
  2056 | D:2      | Reached skill level 1 in Invocations
  2056 | D:2      | Gained mutation: Your magical nature lets you fly swiftly
                  | and evasively. [Tengu growth]
  2056 | D:2      | Reached XP level 5. HP: 12/32 MP: 7/7
  2372 | D:3      | Reached skill level 1 in Spellcasting
  2425 | D:3      | Gained mutation: You occasionally shout uncontrollably at
                  | your foes. [potion of mutation]
  2425 | D:3      | Gained mutation: Your body sometimes deteriorates upon
                  | taking damage. [potion of mutation]
  2425 | D:3      | Gained mutation: You have a somewhat thin skeletal
                  | structure. (Dex +2, Stealth+) [potion of mutation]
  2426 | D:3      | Lost mutation: You have a somewhat thin skeletal structure.
                  | (Dex +2, Stealth+) [potion of mutation]
  2426 | D:3      | Lost mutation: Your body sometimes deteriorates upon taking
                  | damage. [potion of mutation]
  2426 | D:3      | Lost mutation: You occasionally shout uncontrollably at
                  | your foes. [potion of mutation]
  2426 | D:3      | Gained mutation: You are partially covered in iridescent
                  | scales. (AC +2) [potion of mutation]
  2426 | D:3      | Gained mutation: Your spells are a little easier to cast,
                  | but a little less powerful. [potion of mutation]
  2426 | D:3      | Gained mutation: You are mostly covered in iridescent
                  | scales. (AC +4) [potion of mutation]
  2499 | D:3      | a gnoll changed into a glowing shapeshifter
  2499 | D:3      | Noticed a glowing shapeshifter (glowing shapeshifter)
  2499 | D:3      | a glowing shapeshifter changed into an alligator
  2499 | D:3      | Noticed an alligator (glowing shapeshifter)
  2501 | D:3      | an alligator changed into an ettin
  2501 | D:3      | Noticed an ettin (glowing shapeshifter)
  2507 | D:3      | an ettin changed into a broodmother
  2507 | D:3      | Noticed a broodmother (glowing shapeshifter)
  2510 | D:3      | Noticed a wolf spider
  2510 | D:3      | Noticed an orb spider
  2510 | D:3      | Noticed a jumping spider
  2517 | D:3      | Noticed a spark wasp
  2636 | D:4      | Found a runed translucent gate.
  2637 | D:4      | Found a runed translucent gate.
  2640 | D:4      | Found a runed translucent gate.
  2641 | D:4      | Noticed Newt's ghost (novice DsGl)
  2644 | D:4      | Reached ** piety under Sif Muna
  2645 | D:4      | Noticed LnG's ghost (amateur KoSu)
  2808 | D:4      | Noticed Robin
  2816 | D:4      | Killed Robin
  3032 | D:3      | Noticed an anaconda
  3035 | D:3      | an anaconda changed into a snapping turtle
  3035 | D:3      | Noticed a snapping turtle (glowing shapeshifter)
  3044 | D:3      | a snapping turtle changed into a cyclops
  3044 | D:3      | Noticed a cyclops (glowing shapeshifter)
  3045 | D:3      | Mangled by a cyclops (glowing shapeshifter)

Illustrated notes

Levels and vault maps discovered:
D:1:      dpeg_arrival_line_fractal, layout_loops_ring,
          hellmonk_ecumenical_altar_leap_of_faith
D:2:      layout_basic, uniq_natasha, uniq_crazy_yiuf_cottage
D:3:      layout_rooms
D:4:      minmay_general_purpose_star, layout_basic, gammafunk_ghost_cemetery,
          uniq_robin

Skill      XL: |  1  2  3  4  5 |
---------------+----------------+-----
Maces & Flails | 1 2 |  2.0
Axes           | 1 2 |  2.0
Dodging        | 4 |  4.3
Invocations    | 1 |  1.2
Spellcasting   | 1 |  1.3
Fighting       | 3 |  3.0
Staves         | |  3.6
Throwing       | |  2.0

Action                   |  1- 3 |  4- 6 || total
-------------------------+-------+-------++-------
Melee: War axe           |    62 |    20 ||    82
       Kick              |    10 |    27 ||    37
       Peck              |     5 |    13 ||    18
       Quarterstaff      |       |    63 ||    63
  Use: Potion            |       |     4 ||     4
       Scroll            |       |     3 ||     3
 Stab: Sleeping          |     1 |     3 ||     4
Armor: Leather armour    |    20 |    25 ||    45
Dodge: Dodged            |    53 |    51 ||   104

Table legend: (Time is in decaauts)
 A = Elapsed time spent in this place.
 B = Non-inter-level travel time spent in this place.
 C = Inter-level travel time spent in this place.
 D = Time resting spent in this place.
 E = Time spent auto-exploring this place.
 F = Levels seen in this place.
 G = Mean time per level.
                   A        B        C        D        E       F      G
               +--------+--------+--------+--------+--------+-----+--------+
         Total |   3033 |   3000 |     33 |    493 |   1994 |   4 |  758.2 |
       Dungeon |   3033 |   3000 |     33 |    493 |   1994 |   4 |  758.2 |
               +--------+--------+--------+--------+--------+-----+--------+

Top non-repeatable levels by time:
     D:2: 1550 daAuts
     D:1: 776 daAuts
     D:4: 481 daAuts
     D:3: 225 daAuts
